 Dungeon Crawl Stone Soup version 0.17-a0-1951-g62301d3 (webtiles) character file.

115 Ordine the Twirler (level 4, -1/37 HPs)
             Began as a Minotaur Gladiator on Oct 3, 2015.
             Slain by Sigmund
             ... wielding a +0 scythe
              (7 damage)
             ... on level 3 of the Dungeon.
             The game lasted 00:03:36 (1274 turns).

Ordine the Twirler (Minotaur Gladiator)             Turns: 1274, Time: 00:03:36

Health: -1/37      AC:  4    Str: 20    XL:     4   Next: 68%
Magic:  3/3        EV: 13    Int:  5    God:
Gold:   119        SH:  0    Dex: 11    Spells: 0 memorised, 3 levels left

rFire  . . .     SeeInvis .     a - +1 quarterstaff
rCold  . . .     Clarity  .     b - +0 leather armour
rNeg   . . .     SustAt   .     (no shield)
rPois  .         Gourm    .     c - +1 hat
rElec  .         Spirit   .     (no cloak)
rCorr  .         Warding  .     (no gloves)
rMut   .         Stasis   .     (no boots)
MR     .....                    (no amulet)
Stlth  +.........               (no ring)
                                (no ring)

@: not resistant to hostile enchantments, very unstealthy
A: retaliatory headbutt, horns 2
a: no special abilities


You were on level 3 of the Dungeon.
You were not hungry.

You visited 1 branch of the dungeon, and saw 3 of its levels.

You collected 119 gold pieces.

Inventory:

Hand weapons
 a - a +1 quarterstaff (weapon)
Missiles
 d - 3 throwing nets (quivered)
Armour
 b - a +0 leather armour (worn)
 c - a +1 hat (worn)
Scrolls
 h - a scroll of magic mapping
Potions
 f - a potion of might
 i - a potion of brilliance {unknown}
 k - a potion of heal wounds {unknown}
 l - 2 potions of curing {unknown}
 m - a potion of haste {unknown}
 p - a potion of beneficial mutation {unknown}
Comestibles
 e - 4 bread rations
 g - a meat ration
 j - a slice of pizza
 o - 7 fruits


   Skills:
 - Level 2.4 Fighting
 * Level 5.4 Staves
 - Level 2.0 Throwing
 + Level 2.2 Armour
 + Level 4.1 Dodging


You had 3 spell levels left.
You didn't know any spells.

Dungeon Overview and Level Annotations

Branches:
Dungeon (3/15)

Altars:

Annotations:
D:3 Ordine's ghost, average MiGl; Sigmund


Innate Abilities, Weirdness & Mutations

You reflexively headbutt those who attack you in melee.
You have a pair of horns on your head.


Message History

You hit something but do no damage. You closely miss something.
Your headbutt misses something. Something barely misses you.
You hit something. You headbutt something! Something hits you.
* * * LOW HITPOINT WARNING * * *
You sock something! You closely miss something.
You hear some strange, mumbled words.
Something tries to affect you, but you resist.
You barely miss something. Your headbutt misses something. Something hits you.
* * * LOW HITPOINT WARNING * * *
You closely miss something. Your headbutt misses something. Something hits you.
* * * LOW HITPOINT WARNING * * *
You closely miss something. Something barely misses you.
You hear some strange, mumbled words.
A puff of flame appears from out of thin air!
The puff of flame misses you. Something hits you!
You die...

.................##..#
............###...##...
#.................##<#.
#.. #.......###........
#..##.......# ##.##.##.
#........#### #....##.
#........# #.#####.
#.....>!.# ### #.
#....)@..# #.
#........# #.
#?...{...# ##
#........# #........#
##########


There were no monsters in sight!

Vanquished Creatures
  A gnoll (D:1)
  3 adders (D:2)
  A worm (D:2)
  4 bats
  A giant cockroach (D:3)
  7 hobgoblins
  4 jackals (D:2)
  4 kobolds
  3 quokkas
  3 ball pythons
  4 giant geckos
  4 giant newts (D:2)
  5 goblins
  35 rats
79 creatures vanquished.

Notes
Turn   | Place    | Note
--------------------------------------------------------------
     0 | D:1      | Ordine the Minotaur Gladiator began the quest for the Orb.
     0 | D:1      | Reached XP level 1. HP: 18/18 MP: 0/0
   158 | D:1      | Reached skill level 1 in Armour
   158 | D:1      | Reached XP level 2. HP: 19/25 MP: 1/1
   168 | D:1      | Reached skill level 4 in Staves
   382 | D:2      | Reached XP level 3. HP: 20/30 MP: 2/2
   724 | D:2      | Reached skill level 5 in Staves
   730 | D:2      | Reached XP level 4. HP: 34/37 MP: 3/3
  1215 | D:3      | Noticed Ordine's ghost (average MiGl)
  1253 | D:3      | Noticed Sigmund
  1274 | D:3      | Slain by Sigmund

Vault maps used:
D:1:      dpeg_arrival_tiny_a
D:2:      first_bread, minmay_rats_cheesy_pizza
D:3:      minmay_misc_feat_x, lemuel_tele_altar, uniq_sigmund

Action                   |  1- 3 |  4- 6 || total
-------------------------+-------+-------++-------
Melee: Quarterstaff      |   105 |    47 ||   152
  Use: Scroll            |     5 |     4 ||     9
  Eat: Chunk             |       |     1 ||     1
